 Dungeon Crawl Stone Soup version 0.27.1-4-g1640c2035a (webtiles) character file.

Game seed: 5217086507596718728

253 zeram the Caller (level 5, 0/43 (45) HPs)
             Began as a Troll Summoner on Nov 16, 2021.
             Was an Initiate of Gozag.
             Slain by a wight (12 damage)
             ... on level 4 of the Dungeon.
             The game lasted 00:10:34 (3387 turns).

zeram the Caller (Troll Summoner)                   Turns: 3387, Time: 00:10:35

HP:   0/43 (45)     AC:  4    Str: 16    XL:     5   Next: 90%
MP:   0/5           EV: 10    Int: 12    God:    Gozag
Gold: 209           SH:  0    Dex: 10    Spells: 1/6 levels left

rFire    . . .     SeeInvis .   c - +0 club
rCold    . . .     Faith    .   (no shield)
rNeg     . . .     Spirit   .   a - +0 robe
rPois    .         Reflect  .   (helmet restricted)
rElec    .         Harm     .   (no cloak)
rCorr    .         Rampage  .   (gloves unavailable)
Will     .....                  (boots unavailable)
Stlth    +.........             (no amulet)
HPRegen  1.14/turn              (no ring)
MPRegen  0.09/turn              (no ring)

@: lightly drained
A: large, unfitting armour, claws 3, regeneration 1, shaggy fur 1, tough skin 1
a: Renounce Religion, Potion Petition, Call Merchant, Bribe Branch


You were on level 4 of the Dungeon.
You worshipped Gozag.
Gozag was aware of your devotion.
You visited 1 branch of the dungeon, and saw 4 of its levels.

You collected 255 gold pieces.
You paid 46 gold pieces to Gozag.

Inventory:

Hand Weapons
 c - a +0 club (weapon)
Armour
 a - a +0 robe (worn)
Scrolls
 f - a scroll of fear
 h - 3 scrolls of magic mapping
Potions
 e - a potion of curing


   Skills:
 + Level 3.3 Maces & Flails
 + Level 3.3 Dodging
 - Level 1.0 Stealth
 - Level 1.2 Spellcasting
 + Level 3.6 Summonings


You had one spell level left.
You knew the following spells:

 Your Spells              Type           Power      Damage    Failure   Level
a - Call Canine Familiar  Summ           9%         N/A       21%         3
b - Call Imp              Summ           9%         N/A       10%         2

Your spell library contained the following spells:

 Spells                   Type           Power      Damage    Failure   Level
 Summon Small Mammal      Summ           36%        N/A       7%          1
 Summon Guardian Golem    Hex/Summ       5%         N/A       38%         3
 Blink                    Tloc           N/A        N/A       41%         2
 Lesser Beckoning         Tloc           0%         N/A       65%         3
 Summon Lightning Spire   Summ/Air       5%         N/A       80%         4
 Manifold Assault         Tloc           0%         N/A       100%        5


Dungeon Overview and Level Annotations

Branches:
Dungeon (4/15)
 Temple: D:4-7

Altars:
Ashenzari
Gozag
Sif Muna
Trog
Yredelemnul

Shops:
D:1 *   D:2 (


Innate Abilities, Weirdness & Mutations

You are too large for most types of armour.
You have claws for hands.
Your natural rate of healing is unusually fast.
You are covered in fur. (AC +1)
You have tough skin. (AC +1)


Message History

You feel strangely unstable.
Your surroundings suddenly seem different.
The wight closely misses you.
Okay, then.
The wight hits you with a +4 short sword!
Okay, then.
Okay, then.
Casting: Call Imp (safe; 10% risk of failure)
Confirm with . or Enter, or press ? or * to list all spells.
A beastly little devil appears in a puff of flame.
The wight misses your crimson imp.
The wight hits you with a +4 short sword.
You feel drained.
Unknown command.
Casting: Call Imp (safe; 10% risk of failure)
Confirm with . or Enter, or press ? or * to list all spells.
The spell is quite dangerous to cast (21% risk of failure)!
Continue anyway?
Okay, then.
Casting: Call Canine Familiar (quite dangerous; 21% risk of failure)
Confirm with . or Enter, or press ? or * to list all spells.
The spell is quite dangerous to cast (21% risk of failure)!
Continue anyway?
The wight hits your crimson imp with a +2 halberd!!
Your crimson imp dies!
The wight hits you with a +4 short sword!
You barely miss the wight.
Your hound bites the wight.
The wight hits your hound with a +4 short sword.
Your hound bites the wight but does no damage.
You hit the wight but do no damage.
The wight is lightly damaged.
The wight hits you from afar with a +2 halberd!
Your hound bites the wight.
The wight closely misses your hound.
You closely miss the wight.
The wight is heavily damaged.
Your hound barely misses the wight.
The wight closely misses you.
The wight hits you with a +4 short sword!
* * * LOW HITPOINT WARNING * * *
Your hound barely misses the wight.
The wight hits you from afar with a +2 halberd!
You die...
Your body crumbles into a pile of gold.

......##...###.......###'####...#
.......#....##.......##...####z##
....................###...##.#.##
.................)..# #≈≈≈##.....
....................# #$>.##.#...
#.###........##.##...#########.##
#.# #....z..##### #...... ...
#'###.......#.#### ...... .$?#.
'_+..........zzz@# ..##.. ....##
#####.#.....####h...## .. ......
### #.#.....# .....# .....##
#####.................. ..>...
.................#..#..#
.#............##.##.....
...>...........#.# .....
.................. #...
#..##........


You could see 3 wights and a friendly hound (summoned).

Vanquished Creatures
  Natasha (thrice) (D:2)
  4 gnolls
  4 adders
  2 worms
  A dart slug (D:3)
  6 ball pythons
  4 bats
  5 endoplasms
  A giant cockroach (D:1)
  8 goblins
  9 hobgoblins
  3 kobolds
  3 quokkas
  3 frilled lizards
  3 rats
59 creatures vanquished.

Vanquished Creatures (collateral kills)
  A wight (D:4)
  A hound (D:4)
  An adder (D:4)
  A goblin (D:2)
4 creatures vanquished.

Vanquished Creatures (others)
  2 orc wizards (D:4)
2 creatures vanquished.

Grand Total: 65 creatures vanquished

Notes
Turn   | Place    | Note
-------+----------+-------------------------------------------
     0 | D:1      | zeram the Troll Summoner began the quest for the Orb.
     0 | D:1      | Reached XP level 1. HP: 16/16 MP: 1/1
    34 | D:1      | Found Ucvuji's Assorted Antiques.
    92 | D:1      | Found a faded altar of an unknown god.
   285 | D:1      | Reached XP level 2. HP: 24/24 MP: 0/2
  1308 | D:2      | Reached XP level 3. HP: 31/31 MP: 3/3
  1358 | D:2      | Learned a level 2 spell: Call Imp
  1374 | D:2      | Noticed Natasha
  1393 | D:2      | Killed Natasha
  1394 | D:2      | Reached skill level 1 in Maces & Flails
  1519 | D:2      | Found Doj Duecki's Weapon Shop.
  1552 | D:2      | Noticed Natasha
  1565 | D:2      | Killed Natasha
  1566 | D:2      | Reached XP level 4. HP: 26/39 MP: 2/4
  1699 | D:2      | Noticed Natasha
  1742 | D:2      | Killed Natasha
  2120 | D:3      | Found an opulent altar of Gozag.
  2509 | D:3      | Reached XP level 5. HP: 36/45 MP: 5/5
  2556 | D:3      | Became a worshipper of Gozag Ym Sagoz the Greedy
  2915 | D:4      | Found a basalt altar of Yredelemnul.
  2955 | D:4      | Found a bloodstained altar of Trog.
  2955 | D:4      | Found a broken altar of Ashenzari.
  3022 | D:4      | HP: 1/42 [wight (15)]
  3056 | D:4      | Learned a level 3 spell: Call Canine Familiar
  3095 | D:4      | Found a shimmering blue altar of Sif Muna.
  3387 | D:4      | Slain by a wight

Illustrated notes

Levels and vault maps discovered:
D:1:      elethiomel_arrival_infinity_welcomes_careful_drivers, layout_basic,
          hellmonk_ecumenical_altar_slurped_away, serial_shops, shop_coins,
          serial_forest, infiniplex_forest_join, infiniplex_forest_lined_room_,
          infiniplex_forest_end_2, infiniplex_forest_side_room,
          infiniplex_forest_straight_3, infiniplex_forest_straight_2,
          infiniplex_forest_clump_double, infiniplex_forest_split
D:2:      minmay_alternating_diamond, layout_basic, serial_shops, shop,
          uniq_natasha
D:3:      layout_loops_ring, grunt_gozag_breadcrumbs
D:4:      layout_cave_pools, lemuel_doored_altar, led_sif_book,
          chequers_temple_overflow_statue_of_worship, temple_pool_b,
          serial_shops, nicolae_lakefront_shop, chequers_serial_rivers_micro_a,
          amcnicky_mini_rare_corridor_liquid

Skill      XL: |  1  2  3  4  5 |
---------------+----------------+-----
Summonings     | 3 |  3.6
Dodging        | 2 3 |  3.3
Maces & Flails | 1 2 3 |  3.3
Stealth        | |  1.0
Spellcasting   | |  1.2

Action                   |  1- 3 |  4- 6 || total
-------------------------+-------+-------++-------
Melee: Club              |   202 |   259 ||   461
       Unarmed           |     7 |       ||     7
 Cast: Summon Small Mamm |     3 |       ||     3
       Call Imp          |     3 |    14 ||    17
       Call Canine Famil |       |     1 ||     1
  Use: Scroll            |     2 |     5 ||     7
       Potion            |     2 |     3 ||     5
 Stab: Sleeping          |     1 |       ||     1
       Distracted        |       |     1 ||     1
Armor: Robe              |   103 |    79 ||   182
Dodge: Dodged            |   143 |   178 ||   321
